 Dungeon Crawl Stone Soup version 0.29-a0-289-g2178c42546 (webtiles) character file.

Game seed: 734428296797412499

113 Dabor the Skirmisher (level 4, -2/29 HPs)
             Began as a Gargoyle Fighter on Mar 17, 2022.
             Slain by Robin
             ... wielding a +4 spear of freezing
              (5 damage)
             ... on level 2 of the Dungeon.
             The game lasted 00:03:23 (2281 turns).

Dabor the Skirmisher (Gargoyle Fighter)             Turns: 2281, Time: 00:03:24

Health: -2/29      AC: 11    Str: 21    XL:     4   Next: 96%
Magic:  4/4        EV:  9    Int:  9    God:
Gold:   67         SH:  5    Dex: 15    Spells: 3/3 levels left

rFire   . . .      SeeInvis .   d - +1 morningstar
rCold   . . .      Faith    .   c - +0 buckler
rNeg    + . .      Spirit   .   b - +1 scale mail
rPois   ∞          Reflect  .   (no helmet)
rElec   +          Harm     .   (no cloak)
rCorr   .          Rampage  .   (no gloves)
Will    .....                   (no boots)
Stlth   ..........              (no amulet)
HPRegen 0.09/turn               f - +6 ring of dexterity
MPRegen 0.09/turn               l - ring of flight

@: flying
A: sickness immunity, AC +3, negative energy resistance 1, electricity
resistance, torment resistance 1, petrification resistance
a: no special abilities


You were on level 2 of the Dungeon.
You visited 1 branch of the dungeon, and saw 2 of its levels.

You collected 67 gold pieces.

Inventory:

Hand Weapons
 a - a +0 flail
 d - a +1 morningstar (weapon)
Armour
 b - a +1 scale mail (worn)
 c - a +0 buckler (worn)
Jewellery
 f - a +6 ring of dexterity (left hand)
 l - a ring of flight (right hand)
Scrolls
 e - a scroll of fog
 h - 2 scrolls of teleportation
 m - a scroll of identify
Potions
 o - a potion of haste {unknown}


   Skills:
 + Level 4.1 Fighting
 + Level 3.0 Maces & Flails
 + Level 4.1 Armour
 + Level 1.0 Dodging
 - Level 3.7 Shields


You had 3 spell levels left.
You didn't know any spells.
Your spell library was empty.

Dungeon Overview and Level Annotations

Branches:
Dungeon (2/15)

Altars:
Dithmenos

Annotations:
D:2 Robin


Innate Abilities, Weirdness & Mutations

You are immune to sickness and miasma.
Your stone body is resilient. (AC +3)
You are immune to poison.
You resist negative energy. (rN+)
You are resistant to electric shocks. (rElec)
You are resistant to unholy torment.
You are immune to petrification.


Message History

There are monsters nearby!
You are too injured to fight recklessly!
There are monsters nearby!
You are too injured to fight recklessly!
There are monsters nearby!
You are too injured to fight recklessly!
There are monsters nearby!
As you read the scroll labelled PIDEMI ROLO, it crumbles to dust.
It is a scroll of enchant weapon.
Your +0 morningstar glows red for a moment.
The goblin hits you with a +0 club.
* * * LOW HITPOINT WARNING * * *
Robin hits you but does no damage.
It was a potion of flight.
You feel more buoyant. The goblin hits you with a +0 club.
* * * LOW HITPOINT WARNING * * *
Robin hits you from afar with a +4 spear of freezing.
* * * LOW HITPOINT WARNING * * *
Robin freezes you.
* * * LOW HITPOINT WARNING * * *
It was a potion of curing.
You feel better. You block the goblin's attack.
Robin hits you but does no damage. The goblin attacks as you move away!
The goblin hits you with a +0 club.
* * * LOW HITPOINT WARNING * * *
Robin hits you with a +4 spear of freezing.
* * * LOW HITPOINT WARNING * * *
Robin freezes you.
* * * LOW HITPOINT WARNING * * *
You barely miss Robin. The goblin barely misses you.
Robin hits you with a +4 spear of freezing.
* * * LOW HITPOINT WARNING * * *
Robin freezes you.
* * * LOW HITPOINT WARNING * * *
You hit Robin.
Robin is moderately wounded.
The goblin barely misses you.
Robin says, "A pitiful Gargoyle like you will never find the ORB!"
Robin hits you with a +4 spear of freezing.
You die...

#...................##
##..........##########
#........### #.
#.(......###########.
#....................
#..................#.
#.....#####........#.
#..#g##......(.......
#..!@##.###..........
##..g###.# #####..###.
#.)))†...# ###..###.
#......### ##......##
#......######..####...
##..####........# ####
#.. #........####..
#.# ###............ #.
#.......###..


You could see Robin and a goblin (strong).

Vanquished Creatures
  Terence (D:2)
  2 adders (D:2)
  A dart slug (D:1)
  4 bats
  5 endoplasms
  A giant cockroach (D:2)
  11 goblins
  5 hobgoblins
  5 jackals (D:1)
  4 kobolds (D:1)
  5 quokkas
  6 ball pythons
  5 frilled lizards
  4 rats
59 creatures vanquished.

Notes
Turn   | Place    | Note
-------+----------+-------------------------------------------
     0 | D:1      | Dabor the Gargoyle Fighter began the quest for the Orb.
     0 | D:1      | Reached XP level 1. HP: 14/14 MP: 1/1
    55 | D:1      | Reached XP level 2. HP: 14/19 MP: 2/2
   527 | D:1      | Reached XP level 3. HP: 22/23 MP: 3/3
  1326 | D:2      | Reached XP level 4. HP: 28/29 MP: 4/4
  1553 | D:2      | Noticed Robin
  1922 | D:2      | Noticed Terence
  1927 | D:2      | Killed Terence
  2166 | D:2      | Found a faded altar of an unknown god.
  2176 | D:2      | Prayed at the altar of an unknown god.
  2176 | D:2      | Became a worshipper of Dithmenos the Shadowed
  2176 | D:2      | Reached * piety under Dithmenos
  2177 | D:2      | Fell from the grace of Dithmenos
  2274 | D:2      | Reached skill level 1 in Dodging
  2281 | D:2      | Slain by Robin

Illustrated notes

Levels and vault maps discovered:
D:1:      dreamdust_arrival_sigmund_warning, layout_loops_ring
D:2:      layout_rooms, shapermc_ecumenical_altar_notcrosses, uniq_terence,
          uniq_robin

Skill      XL: |  1  2  3  4 |
---------------+-------------+-----
Fighting       | 4 |  4.1
Armour         | 4 |  4.1
Maces & Flails | 3 |  3.0
Dodging        | 1 |  1.0
Shields        | |  3.7

Action                   |  1- 3 |  4- 6 || total
-------------------------+-------+-------++-------
Melee: Flail             |   118 |    42 ||   160
       Morningstar       |       |    12 ||    12
Invok: Renounce Religion |       |     1 ||     1
  Use: Scroll            |       |     6 ||     6
       Potion            |       |     3 ||     3
Armor: Scale mail        |    67 |    41 ||   108
Dodge: Dodged            |    69 |    36 ||   105
Block: Buckler           |    29 |    19 ||    48

Table legend: (Time is in decaauts)
 A = Elapsed time spent in this place.
 B = Non-inter-level travel time spent in this place.
 C = Inter-level travel time spent in this place.
 D = Time resting spent in this place.
 E = Time spent auto-exploring this place.
 F = Levels seen in this place.
 G = Mean time per level.
                   A        B        C        D        E       F      G
               +--------+--------+--------+--------+--------+-----+--------+
         Total |   2336 |   2255 |     81 |    374 |   1439 |   2 | 1168.0 |
       Dungeon |   2336 |   2255 |     81 |    374 |   1439 |   2 | 1168.0 |
               +--------+--------+--------+--------+--------+-----+--------+

Top non-repeatable levels by time:
     D:1: 1506 daAuts
     D:2: 830 daAuts
